 Dungeon Crawl Stone Soup version 0.21.1-1-g345015f (webtiles) character file.

28 letownia2 the Charmwright (level 3, -2/31 HPs)
             Began as a Gnoll Skald on Feb 26, 2018.
             Slain by shakethe's ghost (15 damage)
             ... on level 3 of the Dungeon.
             The game lasted 00:02:02 (210 turns).

letownia2 the Charmwright (Gnoll Skald)              Turns: 210, Time: 00:02:03

Health: -2/31      AC:  6    Str: 13    XL:     3   Next: 12%
Magic:  4/9        EV: 12    Int: 16    God:
Gold:   8          SH:  0    Dex: 14    Spells: 7/12 levels left

rFire    . . .     SeeInvis .   a - +0 spear
rCold    . . .     Gourm    +   (no shield)
rNeg     . . .     Faith    .   f - +0 ring mail (curse)
rPois    .         Spirit   .   (no helmet)
rElec    .         Reflect  .   (no cloak)
rCorr    .         Harm     .   (no gloves)
MR       .....                  h - +0 pair of boots
Stlth    +.........             e - amulet of the gourmand
HPRegen  0.10/turn              (no ring)
MPRegen  0.11/turn              (no ring)

@: no status effects
A: distributed training, fangs 1, strong nose
a: no special abilities


You were on level 3 of the Dungeon.
You were not hungry.

You visited 1 branch of the dungeon, and saw 3 of its levels.

You collected 8 gold pieces.

Inventory:

Hand Weapons
 a - a +0 spear (weapon)
Armour
 b - a +0 leather armour
 f - a cursed +0 ring mail (worn)
 h - a +0 pair of boots (worn)
Jewellery
 e - an amulet of the gourmand (around neck)
Wands
 i - a wand of iceblast (5)
Scrolls
 g - a scroll of identify {unknown}
Books
 c - a book of Battle

   Spells                             Type                      Level
   a - Infusion                       Charms                       1
   b - Shroud of Golubria             Charms/Translocation         2
   c - Song of Slaying                Charms                       2
   d - Spectral Weapon                Hexes/Charms                 3
   e - Regeneration                   Charms/Necromancy            3
Comestibles
 d - a ration


   Skills:
 + Level 4.5 Fighting
 + Level 0.6 Short Blades
 + Level 0.6 Long Blades
 + Level 0.6 Axes
 + Level 0.6 Maces & Flails
 + Level 4.5 Polearms
 + Level 0.6 Staves
 + Level 0.6 Slings
 + Level 0.6 Bows
 + Level 0.6 Crossbows
 + Level 0.6 Throwing
 + Level 2.5 Armour
 + Level 4.5 Dodging
 + Level 0.6 Stealth
 + Level 0.6 Shields
 + Level 0.6 Unarmed Combat
 + Level 5.0 Spellcasting
 + Level 0.4 Conjurations
 + Level 0.4 Hexes
 + Level 5.4 Charms
 + Level 0.4 Summonings
 + Level 0.4 Necromancy
 + Level 0.4 Translocations
 + Level 0.4 Transmutations
 + Level 0.4 Fire Magic
 + Level 0.4 Ice Magic
 + Level 0.4 Air Magic
 + Level 0.4 Earth Magic
 + Level 0.4 Poison Magic
 + Level 0.8 Invocations
 + Level 0.6 Evocations


You had 7 spell levels left.
You knew the following spells:

 Your Spells              Type           Power        Failure   Level  Hunger
a - Infusion              Chrm           ###.         3%          1    None
l - Song of Slaying       Chrm           ###.....     4%          2    #......
t - Shroud of Golubria    Chrm/Tloc      ##........   14%         2    #......


Dungeon Overview and Level Annotations

Branches:
Dungeon (3/15)

Altars:
The Shining One

Annotations:
D:3 shakethe's ghost, amateur HOGl


Innate Abilities, Weirdness & Mutations

Your experience applies equally to all skills.
You have very sharp teeth.
Your uncanny sense of smell can sniff out nearby items.


Message History

Evoke which item? (* to show all) (? for menu, Esc to quit)
Aiming: Iceblast
Press: ? - help, Shift-Dir - straight line, p - shakethe's ghost The mass of ice explodes!
Your Spellcasting skill increases to level 5!
You feel a bit more experienced.
The iceblast engulfs shakethe's ghost.
Shakethe's ghost is severely damaged.
You are no longer magically infusing your attacks.
You hear a shout! x2
Shakethe's ghost barely misses you.
Unknown command.
Unknown command.
Evoke which item? (* to show all) (? for menu, Esc to quit)
Aiming: Iceblast
Press: ? - help, Shift-Dir - straight line The mass of ice explodes!
The iceblast engulfs shakethe's ghost.
Shakethe's ghost is almost destroyed.
You hear a bark!
Shakethe's ghost hits you!
You die...

###....#..
.....##.# ###
#..##<#
....####(((..#
#.....)######
#..#.∆........
..#.#.##.#.....
#...W#(# ....
###.@#.# ##.
#..#.# .......
.........
###.......
#.......#
#########


You could see shakethe's ghost.

Vanquished Creatures
  An adder (D:3)
  An orc (D:3)
  A bat (D:1)
  A giant cockroach (D:3)
  3 goblins
  2 hobgoblins (D:2)
  5 kobolds
  2 rats (D:2)
16 creatures vanquished.

Notes
Turn   | Place    | Note
-------+----------+-------------------------------------------
     0 | D:1      | letownia2 the Gnoll Skald began the quest for the Orb.
     0 | D:1      | Reached XP level 1. HP: 20/20 MP: 6/6
   121 | D:2      | Reached XP level 2. HP: 26/26 MP: 7/7
   158 | D:2      | Found a glowing golden altar of the Shining One.
   187 | D:3      | Learned a level 2 spell: Shroud of Golubria
   190 | D:3      | Learned a level 2 spell: Song of Slaying
   192 | D:3      | Reached XP level 3. HP: 24/31 MP: 2/9
   195 | D:3      | Noticed shakethe's ghost (amateur HOGl)
   209 | D:3      | Reached skill level 5 in Spellcasting
   210 | D:3      | Slain by shakethe's ghost

Skill      XL: |  1  2  3 |
---------------+----------+-----
Spellcasting   | 5 |  5.0
Fighting       | |  4.5
Short Blades   | |  0.6
Long Blades    | |  0.6
Axes           | |  0.6
Maces & Flails | |  0.6
Polearms       | |  4.5
Staves         | |  0.6
Slings         | |  0.6
Bows           | |  0.6
Crossbows      | |  0.6
Throwing       | |  0.6
Armour         | |  2.5
Dodging        | |  4.5
Stealth        | |  0.6
Shields        | |  0.6
Unarmed Combat | |  0.6
Conjurations   | |  0.4
Hexes          | |  0.4
Charms         | |  5.4
Summonings     | |  0.4
Necromancy     | |  0.4
Translocations | |  0.4
Transmutations | |  0.4
Fire Magic     | |  0.4
Ice Magic      | |  0.4
Air Magic      | |  0.4
Earth Magic    | |  0.4
Poison Magic   | |  0.4
Invocations    | |  0.8
Evocations     | |  0.6

Action                   || total
-------------------------++-------
Melee: Spear             ||    42
       Bite              ||     2
 Cast: Infusion          ||     1
Evoke: Wand              ||     3
Armor: Leather armour    ||     2
       Ring mail         ||     6
Dodge: Dodged            ||    27
